 Seeded DCSS version 0.30-a0-12-gd8047c6341 (webtiles) character file.

Game seed: 4882954349604907352 (custom seed)

1180 NinjaNoafa the Grave Robber (level 8, -7/57 HPs)
             Began as a Ghoul Necromancer on Aug 23, 2022.
             Shot with an arrow by a centaur (15 damage)
             ... on level 6 of the Dungeon.
             The game lasted 00:11:13 (5612 turns).

NinjaNoafa the Grave Robber (Ghoul Necromancer)     Turns: 5612, Time: 00:11:14

Health: -7/57      AC:  3    Str: 12    XL:     8   Next: 42%
Magic:  10/11      EV: 12    Int: 12    God:
Gold:   228        SH:  0    Dex:  9    Spells: 9/13 levels left

rFire   . . .      SeeInvis .    v - staff of death
rCold   + . .      Faith    .    (no shield)
rNeg    + + +      Spirit   .    a - +0 robe
rPois   ∞          Reflect  .    (no helmet)
rElec   .          Harm     .    p - +0 cloak
rCorr   +          Rampage  .    (no gloves)
Will    .....                    (no boots)
Stlth   ++........               m - amulet of magic regeneration
HPRegen 0.00/turn                q - +4 ring of slaying
MPRegen 0.52/turn                s - ring of resist corrosion

@: attractive, inhibited regen
A: claws 1, cold resistance 1, negative energy resistance 3, inhibited
regeneration, torment resistance 2, devour on kill
a: no special abilities


You were on level 6 of the Dungeon.
You visited 1 branch of the dungeon, and saw 6 of its levels.

You collected 228 gold pieces.

Inventory:

Missiles
 c - 8 poisoned darts
 e - 34 stones
Armour
 a - a +0 robe (worn)
 p - a +0 cloak (worn)
Magical Staves
 v - a staff of death (weapon)
Jewellery
 m - an amulet of magic regeneration (around neck)
 q - a +4 ring of slaying (left claw)
 s - a ring of resist corrosion (right claw)
Scrolls
 g - a scroll of magic mapping {unknown}
 i - 2 scrolls of blinking {unknown}
 k - 3 scrolls of teleportation {unknown}
 n - 3 scrolls of identify {unknown}
 o - a scroll of fear {unknown}
 t - 2 scrolls of enchant armour {unknown}
 x - a scroll of vulnerability {unknown}
 y - a scroll of poison {unknown}
Potions
 b - a potion of magic
 d - a potion of attraction
 f - 2 potions of lignification {unknown}
 h - a potion of mutation {unknown}
 j - 3 potions of brilliance {unknown}
 l - 2 potions of heal wounds {unknown}
 r - a potion of berserk rage {unknown}
 u - a potion of curing {unknown}
 w - 2 potions of haste {unknown}
 z - 2 potions of resistance {unknown}


   Skills:
 + Level 2.0 Staves
 + Level 2.9 Dodging
 - Level 3.0 Stealth
 + Level 2.2 Unarmed Combat
 - Level 3.0 Spellcasting
 - Level 7.0 Necromancy
 - Level 5.0 Evocations


You had 9 spell levels left.
You knew the following spells:

 Your Spells              Type           Power      Damage    Failure   Level
a - Necrotise             Necr           100%       1d9       1%          1
b - Vampiric Draining     Necr           27%        2d7       4%          3

Your spell library contained the following spells:

 Spells                   Type           Power      Damage    Failure   Level
 Animate Dead             Necr           27%        N/A       14%         4
 Freeze                   Ice            4%         1d3       24%         1
 Agony                    Necr           27%        N/A       36%         5
 Frozen Ramparts          Ice            2%         1d1       58%         3
 Hailstorm                Conj/Ice       1%         3d3       94%         4
 Leda's Liquefaction      Hex/Erth       0%         N/A       94%         4
 Lee's Rapid Deconstruct  Erth           0%         3d5*      100%        5
 Statue Form              Tmut/Erth      Unusable   N/A       N/A         6

Dungeon Overview and Level Annotations

Branches:
Dungeon (6/15)
 Temple: D:4-7

Altars:
Cheibriados
Dithmenos
Nemelex Xobeh


Innate Abilities, Weirdness & Mutations

You are immune to poison.
You have sharp fingernails.
Your flesh is cold resistant. (rC+)
You are immune to negative energy. (rN+++)
You do not regenerate when monsters are visible.
You are immune to unholy pain and torment.
You thrive by killing the living.


Message History

You feel a surge of power!
The hound writhes in agony.
You kill the hound!
You feel better.
The dead are walking!
The jelly completely misses you.
You feel a surge of power!
The jelly barely resists.
The jelly hits you.
You are splashed with acid.
You resist.
You feel a surge of power!
The jelly writhes in agony.
Your hound skeleton barely misses the jelly.
The jelly misses you.
You feel a surge of power!
The jelly writhes in agony.
Your hound skeleton bites the jelly.
The jelly dies!
Your magical contamination has completely faded away.
Your Staves skill increases to level 2!
Magic restored.
A centaur comes into view.
The centaur wields a +0 shortbow.
The centaur shoots an arrow.
The arrow hits your hound skeleton!
The centaur shoots an arrow.
The arrow hits your hound skeleton!
Your hound skeleton is destroyed!
An iguana comes into view.
The centaur shoots an arrow.
The arrow hits you!
The iguana moves out of view.
You hear an angry hiss.
You feel a surge of power!
The centaur barely resists.
The centaur shoots an arrow.
The arrow hits you.
The centaur shoots an arrow.
The arrow misses you.
You hear a shout!
You feel a surge of power!
The centaur writhes in agony.
The centaur shoots an arrow.
The arrow hits you!
You feel a surge of power!
The centaur writhes in agony.
The centaur shoots an arrow.
The arrow hits you.
The centaur shoots an arrow.
The arrow hits you!
It was a potion of attraction.
You feel attractive to monsters.
An orc comes into view. It is wielding a +0 whip.
The iguana is attracted toward you. The centaur is attracted toward you.
The orc is attracted toward you.
The centaur shoots an arrow.
The arrow hits you!
* * * LOW HITPOINT WARNING * * *
The centaur shoots an arrow.
The arrow hits you!
You die...

##########
.........#
........<+
.........#
.......@.#
.........#
.......l.#
........c#
######...o
#.§§..
#....§.
#......#
#......#


You could see a centaur, an iguana and an orc.

Vanquished Creatures
  Sigmund (D:4)
  An acid dragon (D:5)
  2 ogres (D:5)
  A phantom (D:4)
  2 necrophages (D:5)
  3 scorpions (D:5)
  A howler monkey (D:4)
  A jelly (D:5)
  3 hounds
  2 iguanas (D:5)
  6 adders
  2 worms (D:2)
  2 dart slugs
  2 orcs (D:5)
  4 bats
  4 endoplasms
  3 giant cockroaches
  7 goblins
  4 hobgoblins
  5 quokkas
  5 ball pythons
  5 frilled lizards
  5 kobolds
  6 rats
77 creatures vanquished.

Vanquished Creatures (collateral kills)
  A jelly (D:6)
  An adder (D:5)
  An orc (D:3)
  2 ball pythons
5 creatures vanquished.

Grand Total: 82 creatures vanquished

Notes
Turn   | Place    | Note
-------+----------+-------------------------------------------
     0 | D:1      | NinjaNoafa the Ghoul Necromancer began the quest for the
                  | Orb.
     0 | D:1      | Reached XP level 1. HP: 14/14 MP: 2/2
   267 | D:1      | Reached XP level 2. HP: 20/20 MP: 2/4
  1258 | D:2      | Reached XP level 3. HP: 26/26 MP: 1/5
  1962 | D:3      | Reached XP level 4. HP: 33/33 MP: 7/7
  2355 | D:3      | Reached skill level 5 in Necromancy
  2614 | D:3      | Found a faded altar of an unknown god.
  2733 | D:3      | Found a snail-covered altar of Cheibriados.
  3068 | D:4      | Found a shadowy altar of Dithmenos.
  3126 | D:4      | Reached XP level 5. HP: 38/38 MP: 6/8
  3187 | D:4      | Learned a level 3 spell: Vampiric Draining
  3205 | D:4      | Reached skill level 6 in Necromancy
  3470 | D:4      | Noticed a phantom
  3494 | D:4      | Killed a phantom
  3495 | D:4      | Reached XP level 6. HP: 21/45 MP: 9/9
  4143 | D:4      | Noticed Sigmund
  4150 | D:4      | Killed Sigmund
  4151 | D:4      | Reached skill level 7 in Necromancy
  4305 | D:5      | Entered Level 5 of the Dungeon
  4312 | D:5      | Reached XP level 7. HP: 49/50 MP: 5/10
  4865 | D:5      | Reached skill level 5 in Evocations
  4923 | D:5      | Reached XP level 8. HP: 52/57 MP: 3/11
  5001 | D:5      | Found a sparkling altar of Nemelex Xobeh.
  5085 | D:5      | Reached skill level 1 in Staves
  5085 | D:5      | Reached skill level 1 in Unarmed Combat
  5612 | D:6      | Shot with an arrow by a centaur

Illustrated notes

Levels and vault maps discovered:
D:1:      nzn_arrival_depleted_hourglass, layout_basic, solitary_fountain
D:2:      layout_basic, nicolae_concentric_dashed_squares_wild
D:3:      layout_loops_corners, lemuel_coloured_pillars_altar, serial_glass,
          glass_columns_c, glass_columns_b, chequers_ecumenical_altar_grove,
          st_stairs_2, kennysheep_minor_cross, minmay_unequal
D:4:      layout_layer_cave, lemuel_tele_altar, uniq_sigmund
D:5:      layout_cave_pods, nemelex_diamond_rough_becter, minmay_hedge_maze
D:6:      layout_basic, mainiacjoe_overflow_boulevard,
          minmay_temple_entry_junction

Skill      XL: |  1  2  3  4  5  6  7  8 |
---------------+-------------------------+-----
Spellcasting   | 2 3 |  3.0
Necromancy     | 5 6 7 |  7.0
Evocations     | 2 5 |  5.0
Staves         | 2 |  2.0
Dodging        | 2 |  2.9
Unarmed Combat | 2 |  2.2
Stealth        | 3 |  3.0

Action                   |  1- 3 |  4- 6 |  7- 9 || total
-------------------------+-------+-------+-------++-------
Melee: Unarmed           |    18 |     3 |       ||    21
       Dagger            |     9 |       |       ||     9
       Staff             |       |    28 |    26 ||    54
       Punch             |       |       |     1 ||     1
 Cast: Necrotise         |    72 |    53 |    48 ||   173
       Vampiric Draining |       |     5 |    10 ||    15
  Use: Potion            |       |       |     1 ||     1
Armor: Robe              |    18 |    11 |     9 ||    38
Dodge: Dodged            |    50 |    41 |    39 ||   130

Table legend: (Time is in decaauts)
 A = Elapsed time spent in this place.
 B = Non-inter-level travel time spent in this place.
 C = Inter-level travel time spent in this place.
 D = Time resting spent in this place.
 E = Time spent auto-exploring this place.
 F = Levels seen in this place.
 G = Mean time per level.
                   A        B        C        D        E       F      G
               +--------+--------+--------+--------+--------+-----+--------+
         Total |   5626 |   5469 |    157 |      8 |   4780 |   6 |  937.7 |
       Dungeon |   5626 |   5469 |    157 |      8 |   4780 |   6 |  937.7 |
               +--------+--------+--------+--------+--------+-----+--------+

Top non-repeatable levels by time:
     D:4: 1427 daAuts
     D:5: 1278 daAuts
     D:1: 1008 daAuts
     D:2: 944 daAuts
     D:3: 934 daAuts
     D:6: 32 daAuts
